 Dungeon Crawl Stone Soup version 0.29.1-15-g9cfb28693d (webtiles) character file.

Game seed: 2427758161570408973

926 gregunderscorem the Chiller (level 8, 0/48 HPs)
             Began as an Octopode Transmuter on Feb 21, 2023.
             Was a Follower of Okawaru.
             Slain by a vampire mosquito (10 damage)
             ... on level 5 of the Dungeon on Feb 24, 2023.
             The game lasted 00:09:00 (5867 turns).

gregunderscorem the Chiller (Octopode Transmuter)   Turns: 5867, Time: 00:09:00

Health: 0/48       AC:  1    Str:  9    XL:     8   Next: 10%
Magic:  18/20      EV:  9    Int: 16    God:    Okawaru [*.....]
Gold:   340        SH: 13    Dex: 14    Spells: 2/11 levels left

rFire   . . .      SeeInvis .   a - +2 dagger (speed)
rCold   + . .      Faith    .   d - +0 tower shield
rNeg    . . .      Spirit   .   (helmet restricted)
rPois   .          Reflect  .   (no amulet)
rElec   .          Harm     .   h - ring of resist corrosion
rCorr   +          Rampage  .   i - ring of protection from cold
Will    .....                   k - ring of magical power
Stlth   ++........              (no ring)
HPRegen 0.16/turn               (no ring)
MPRegen 0.17/turn               (no ring)
                                (no ring)
                                (no ring)

@: lethally poisoned (0 -> -2), very slightly contaminated
A: almost no armour, amphibious, 8 rings, camouflage 1, gelatinous body 1,
(nimble swimmer 1), tentacles
a: Renounce Religion, Heroism


You were on level 5 of the Dungeon.
You worshipped Okawaru.
Okawaru was aware of your devotion.
You visited 1 branch of the dungeon, and saw 5 of its levels.

You collected 340 gold pieces.

Inventory:

Hand Weapons
 a - a +2 dagger of speed (weapon)
 c - a +2 great sword of protection
Armour
 d - a +0 tower shield (worn)
Jewellery
 h - a ring of resist corrosion (left tentacle)
 i - a ring of protection from cold (right tentacle)
 k - a ring of magical power (on tentacle)
 n - a ring of flight
 o - a ring of see invisible
Scrolls
 b - 8 scrolls of identify {unknown}
 f - 3 scrolls of amnesia {unknown}
 j - 2 scrolls of magic mapping {unknown}
 m - a scroll of vulnerability {unknown}
 p - a scroll of noise {unknown}
 r - a scroll of blinking {unknown}
 t - a scroll of enchant weapon {unknown}
Potions
 e - 2 potions of curing
 g - a potion of lignification
 l - a potion of cancellation {unknown}
 q - a potion of heal wounds
 s - a potion of magic {unknown}


   Skills:
 - Level 1.0 Fighting
 + Level 3.0(3.3) Short Blades
 - Level 1.8(2.7) Long Blades
 - Level 2.0 Dodging
 + Level 4.8 Shields
 - Level 3.7 Unarmed Combat
 - Level 2.0 Spellcasting
 - Level 2.8 Transmutations
 + Level 5.3 Ice Magic


You had 2 spell levels left.
You knew the following spells:

 Your Spells              Type           Power      Damage    Failure   Level
a - Beastly Appendage     Tmut           20%        N/A       58%         1
b - Wereblood             Tmut           10%        N/A       73%         2
c - Ensorcelled Hibernat  Hex/Ice        20%        N/A       75%         2
d - Ice Form              Ice/Tmut       14%        N/A       99%         4

Your spell library contained the following spells:

 Spells                   Type           Power      Damage    Failure   Level
 Shock                    Conj/Air       4%         1d3       92%         1
 Spider Form              Tmut/Pois      6%         N/A       98%         3
 Swiftness                Air            1%         N/A       100%        3
 Airstrike                Air            0%         2d(1-17)  100%        4
 Anguish                  Hex/Necr       0%         N/A       100%        4
 Hailstorm                Conj/Ice       10%        3d5       100%        4
 Simulacrum               Ice/Necr       Unusable   N/A       N/A         6

Dungeon Overview and Level Annotations

Branches:
Dungeon (5/15)
 Temple: D:4-7

Altars:
Elyvilon
Hepliaklqana
Kikubaaqudgha
Makhleb
Okawaru
Ru
Uskayaw
The Shining One

Shops:
D:5 (

Annotations:
D:5 1 runed translucent door


Innate Abilities, Weirdness & Mutations

You cannot wear most types of armour.
You are amphibious.
You can wear up to eight rings at the same time.
Your skin changes colour to match your surroundings (Stealth+).
Your rubbery body absorbs attacks. (AC +1, EV +1)
((You are camouflaged when in or above water. (Stealth+)))
You have tentacles for arms and can constrict up to eight enemies at once.


Message History

The killer bee is almost dead.
You constrict the killer bee, but do no damage.
You feel sick. The killer bee stings you. You block the killer bee's attack.
You barely miss the killer bee. Your squeeze misses the killer bee.
The killer bee is almost dead.
You constrict the killer bee.
You feel sick. The killer bee stings you.
You are more poisoned.
The killer bee poisons you!
You hit the killer bee.
You kill the killer bee!
Okawaru accepts your kill.
You feel sick.
Your base Short Blades skill increases to level 3!
Cast which spell? (? or * to list)
You miscast Wereblood.
You are very lightly contaminated with residual magic.
Nothing appears to happen.
You feel like a meek peon again.
You feel sick.
You hit the scorpion. Your grab misses the scorpion.
Your tentacle-slap misses the scorpion.
The scorpion is lightly wounded.
You feel sick. You block the scorpion's attack. The scorpion stings you.
You hit the vampire mosquito. Your grab misses the vampire mosquito.
Your squeeze misses the vampire mosquito.
The vampire mosquito is lightly damaged.
You feel sick. The vampire mosquito bites you.
The vampire mosquito draws strength from your injuries!
The scorpion closely misses you.
You block the vampire mosquito's attack.
You block the scorpion's attack. The scorpion closely misses you.
You feel sick. You block the scorpion's attack.
You block the vampire mosquito's attack.
The vampire mosquito attacks as you move away!
The vampire mosquito bites you.
The vampire mosquito draws strength from your injuries!
You feel sick. The scorpion stings you.
* * * LOW HITPOINT WARNING * * *
The vampire mosquito bites you!
You die...

..#..#.....#..#...........#
..#..'.....#..#...........#
..#..#.....#..'...........#
..#..#.....#..#...........#
..#..#.....#..#...........#
..#.########'########.....#######
'##.#...............#............
....#...............#............
.##.#....#######@...#............
.##.#....#..sBs#sys.#............
.##.#....+..s..BB...#............
###.#....#b.s.s#....#..##########
.##'#....#######...†#..#..#......
.##.#..... .........#..'..#......
....#..... .........#..#..#......
....# #+########..#..#......
###### ...........#####.####


You could see a vampire mosquito, 3 scorpions and 2 giant cockroaches.

Vanquished Creatures
  Sigmund (D:2)
  An ogre (D:5)
  A necrophage (D:5)
  4 scorpions
  A killer bee (D:5)
  A jelly (D:3)
  2 hounds (D:4)
  2 iguanas (D:5)
  An orc wizard (D:5)
  Robin (D:2)
  3 gnolls (D:2)
  5 adders
  2 worms
  2 dart slugs
  11 orcs
  8 ball pythons
  3 endoplasms
  6 giant cockroaches
  15 goblins
  9 hobgoblins
  6 kobolds
  A quokka (D:3)
  4 bats
  2 frilled lizards
  2 rats
94 creatures vanquished.

Notes
Turn   | Place    | Note
-------+----------+-------------------------------------------
     0 | D:1      | gregunderscorem the Octopode Transmuter began the quest for
                  | the Orb.
     0 | D:1      | Reached XP level 1. HP: 13/13 MP: 3/3
   223 | D:1      | Reached XP level 2. HP: 16/18 MP: 5/5
  1198 | D:2      | Learned a level 2 spell: Wereblood
  1249 | D:2      | Reached XP level 3. HP: 23/23 MP: 6/6
  1468 | D:2      | Learned a level 2 spell: Ensorcelled Hibernation
  1512 | D:2      | Noticed Sigmund
  1522 | D:2      | Killed Sigmund
  1523 | D:2      | Reached skill level 2 in Ice Magic
  1523 | D:2      | Reached XP level 4. HP: 28/28 MP: 7/7
  1523 | D:2      | Reached XP level 5. HP: 33/33 MP: 8/8
  1740 | D:2      | Noticed Robin
  1757 | D:2      | Killed Robin
  1758 | D:2      | Reached skill level 3 in Ice Magic
  1973 | D:2      | Found a faded altar of an unknown god.
  2003 | D:2      | Reached XP level 6. HP: 25/38 MP: 7/9
  2176 | D:2      | Found an ancient bone altar of Kikubaaqudgha.
  2330 | D:3      | Found a hazy altar of Hepliaklqana.
  2428 | D:3      | Learned a level 4 spell: Ice Form
  2815 | D:3      | Found a hide-covered altar of Uskayaw.
  2815 | D:3      | Found a sacrificial altar of Ru.
  2822 | D:3      | Found a burning altar of Makhleb.
  2825 | D:3      | Found a glowing golden altar of the Shining One.
  2827 | D:3      | Found an iron altar of Okawaru.
  2832 | D:3      | Found a white marble altar of Elyvilon.
  2933 | D:3      | Became a worshipper of Warmaster Okawaru
  3681 | D:4      | Reached skill level 1 in Long Blades
  3799 | D:4      | Reached skill level 4 in Ice Magic
  3861 | D:4      | Reached XP level 7. HP: 33/43 MP: 10/10
  4355 | D:5      | Entered Level 5 of the Dungeon
  4392 | D:5      | Found Acumy's Weapon Shoppe.
  4499 | D:5      | Reached skill level 1 in Short Blades
  4850 | D:5      | Reached * piety under Okawaru
  5438 | D:5      | Reached skill level 5 in Ice Magic
  5746 | D:5      | Found a runed translucent door.
  5836 | D:5      | Found a runed translucent door.
  5838 | D:5      | Noticed a vampire mosquito
  5847 | D:5      | Reached XP level 8. HP: 48/48 MP: 11/11
  5867 | D:5      | Slain by a vampire mosquito

Illustrated notes

Levels and vault maps discovered:
D:1:      amcnicky_arrival_abandoned_market, layout_basic
D:2:      layout_basic, chequers_ecumenical_altar_simple, basic_altar,
          nrook_uturn, uniq_sigmund, uniq_robin
D:3:      minmay_general_purpose_star, layout_loops_ring,
          mainiacjoe_overflow_cross_hatched,
          nicolae_overflow_hallway_of_the_gods
D:4:      layout_cave_pods, grunt_decor_one_mirror
D:5:      lemuel_insect_pit, layout_gridville, serial_shops, shop_statue

Skill      XL: |  1  2  3  4  5  6  7  8 |
---------------+-------------------------+-----
Shields        | 2 3 4 |  4.8
Ice Magic      | 2 3 4 5 |  5.3
Long Blades    | 1 |  1.8
Short Blades   | 2 3 |  3.0
Fighting       | |  1.0
Dodging        | |  2.0
Unarmed Combat | |  3.7
Spellcasting   | |  2.0
Transmutations | |  2.8

Action                   |  1- 3 |  4- 6 |  7- 9 || total
-------------------------+-------+-------+-------++-------
Melee: Unarmed           |    45 |       |       ||    45
       Constrict         |    15 |    27 |    21 ||    63
       Tentacles         |     6 |    28 |    24 ||    58
       Punch             |     2 |     3 |     3 ||     8
       Dagger            |    13 |    79 |   102 ||   194
       Great sword       |       |    25 |       ||    25
 Cast: Wereblood         |       |     1 |       ||     1
Invok: Heroism           |       |       |     1 ||     1
  Use: Potion            |     2 |     1 |     1 ||     4
 Stab: Sleeping          |     5 |     3 |     2 ||    10
Armor: Skin              |     6 |    10 |     3 ||    19
Dodge: Dodged            |    31 |    68 |    14 ||   113
Block: Tower shield      |       |     3 |    59 ||    62
